 Dungeon Crawl Stone Soup version 0.30-a0-757-ga6a79fd877 (webtiles) character file.

Game seed: 9335927770340770351

49 BigDaddyOpFi the Conjurer (level 3, -2/21 HPs)
             Began as an Octopode Conjurer on Feb 9, 2023.
             Slain by Terence
             ... wielding a +1 vampiric hand axe
              (7 damage)
             ... on level 3 of the Dungeon.
             The game lasted 00:01:22 (1985 turns).

BigDaddyOpFi the Conjurer (Octopode Conjurer)       Turns: 1985, Time: 00:01:23

Health: -2/21      AC:  1    Str:  6    XL:     3   Next: 75%
Magic:  0/6        EV: 13    Int: 22    God:
Gold:   92         SH:  0    Dex: 10    Spells: 4/7 levels left

rFire   . . .      SeeInvis .    d - +1 dagger (speed)
rCold   . . .      Faith    .    (no shield)
rNeg    . . .      Spirit   .    (helmet restricted)
rPois   .          Reflect  .    (no amulet)
rElec   .          Harm     .    (no ring)
rCorr   .          Rampage  .    (no ring)
Will    .....                    (no ring)
Stlth   +++                      (no ring)
HPRegen 0.23/turn                (no ring)
MPRegen 0.10/turn                (no ring)
                                 (no ring)
                                 (no ring)

@: very slightly contaminated
A: almost no armour, amphibious, 8 rings, camouflage 1, gelatinous body 1,
(nimble swimmer 1), tentacles
a: no special abilities


You were on level 3 of the Dungeon.
You visited 1 branch of the dungeon, and saw 3 of its levels.

You collected 92 gold pieces.

Inventory:

Hand Weapons
 b - a +0 mace
 d - a +1 dagger of speed (weapon)
Scrolls
 f - 2 scrolls of teleportation {unknown}
 g - a scroll of vulnerability {unknown}
 i - a scroll of identify {unknown}
 k - a scroll of brand weapon {unknown}
 l - a scroll of silence {unknown}
Potions
 a - a potion of magic
 c - 2 potions of mutation {unknown}
 e - 2 potions of curing {unknown}
 h - 2 potions of might {unknown}
 j - a potion of degeneration {unknown}


   Skills:
 + Level 2.5 Dodging
 + Level 3.6 Stealth
 + Level 2.5 Spellcasting
 + Level 4.3 Conjurations


You had 4 spell levels left.
You knew the following spells:

 Your Spells              Type           Power      Damage    Failure   Level
a - Magic Dart            Conj           84%        1d7       2%          1
b - Searing Ray           Conj           42%        2d6       3%          2

Your spell library contained the following spells:

 Spells                   Type           Power      Damage    Failure   Level
 Dazzling Flash           Conj/Hex       24%        N/A       16%         3
 Cigotuvi's Dreadful Rot  Necr/Pois/Air  4%         N/A       21%         2
 Fulminant Prism          Conj/Hex       6%         3d7       47%         4
 Iskenderun's Mystic Bla  Conj/Tloc      12%        2d5       47%         4
 Dispel Undead            Necr           2%         3d7       78%         4
 Death Channel            Necr           1%         N/A       100%        6


Dungeon Overview and Level Annotations

Branches:
Dungeon (3/15)

Altars:

Shops:
D:2 ?

Annotations:
D:3 Terence


Innate Abilities, Weirdness & Mutations

You cannot wear most types of armour.
You are amphibious.
You can wear up to eight rings at the same time.
Your skin changes colour to match your surroundings (Stealth+).
Your rubbery body absorbs attacks. (AC +1, EV +1)
((You are camouflaged when in or above water. (Stealth+)))
You have tentacles for arms and can constrict up to eight enemies at once.


Message History

Terence is lightly wounded.
Terence shouts!
Terence hits you with a +1 vampiric hand axe!
The magic dart hits Terence but does no damage.
Terence is lightly wounded.
Terence misses you.
The magic dart hits Terence.
Terence is moderately wounded.
Terence completely misses you. Terence attacks as you move away!
Terence hits you with a +1 vampiric hand axe.
Terence draws strength from your wounds!
Casting: Magic Dart (safe; 2% risk of failure)
Confirm with . or Enter, or press ? or * to list all spells.
Aiming: Searing Ray (safe; 3% risk of failure)
Press: ? - help, Shift-Dir - straight line, f/p - Terence
Aim: Terence, wielding a +1 vampiric hand axe and wearing a +0 scale mail (moderately wounded, 81% to hit)
You miscast Searing Ray.
You are very lightly contaminated with residual magic.
Nothing appears to happen.
Terence hits you with a +1 vampiric hand axe.
* * * LOW HITPOINT WARNING * * *
Casting: Searing Ray (safe; 3% risk of failure)
Confirm with . or Enter, or press ? or * to list all spells.
You don't have enough magic to cast this spell.
Unknown command.
Casting: Searing Ray (safe; 3% risk of failure)
Confirm with . or Enter, or press ? or * to list all spells.
You don't know that spell.
Sorry, you're not good enough to have a special ability.
Unknown command.
Casting: Searing Ray (safe; 3% risk of failure)
Confirm with . or Enter, or press ? or * to list all spells.
Aiming: Magic Dart (safe; 2% risk of failure)
Press: ? - help, Shift-Dir - straight line, f/p - Terence
Aim: Terence, wielding a +1 vampiric hand axe and wearing a +0 scale mail (moderately wounded, 100% to hit)
The magic dart hits Terence.
Terence is heavily wounded.
Terence hits you with a +1 vampiric hand axe!
You die...

# ###
#.######.....
#..<@@.......
#############


You could see Terence.

Vanquished Creatures
  An adder (D:2)
  A worm (D:2)
  4 ball pythons
  2 bats (D:2)
  2 endoplasms
  2 giant cockroaches
  2 hobgoblins
  7 kobolds
  2 quokkas
  A frilled lizard (D:2)
  5 goblins
  5 rats
34 creatures vanquished.

Notes
Turn   | Place    | Note
-------+----------+-------------------------------------------
     0 | D:1      | BigDaddyOpFi the Octopode Conjurer began the quest for the
                  | Orb.
     0 | D:1      | Reached XP level 1. HP: 11/11 MP: 3/3
   319 | D:1      | Reached XP level 2. HP: 17/17 MP: 3/5
  1210 | D:2      | Reached XP level 3. HP: 21/21 MP: 2/6
  1878 | D:2      | Found Deul's Magic Scroll Boutique.
  1888 | D:2      | Learned a level 2 spell: Searing Ray
  1977 | D:3      | Noticed Terence
  1985 | D:3      | Slain by Terence

Illustrated notes

Levels and vault maps discovered:
D:1:      evilmike_arrival_plus, layout_basic
D:2:      layout_basic, serial_shops, shop
D:3:      layout_loops_ring, grunt_temple_overflow_diamond,
          hellmonk_ecumenical_altar_pennies_from_heaven, minmay_strange_pillars,
          uniq_pargi, uniq_terence, uniq_ijyb, uniq_grinder

Skill      XL: |  1 |
---------------+----+-----
Stealth        | 3 |  3.6
Dodging        | |  2.5
Spellcasting   | |  2.5
Conjurations   | |  4.3

Action                     || total
---------------------------++-------
  Melee: Mace              ||     5
         Constrict         ||     6
         Dagger            ||    20
         Tentacles         ||     3
   Cast: Magic Dart        ||    55
   Stab: Sleeping          ||     2
 Armour: Skin              ||     2
  Dodge: Dodged            ||    29

Table legend: (Time is in decaauts)
 A = Elapsed time spent in this place.
 B = Non-inter-level travel time spent in this place.
 C = Inter-level travel time spent in this place.
 D = Time resting spent in this place.
 E = Time spent auto-exploring this place.
 F = Levels seen in this place.
 G = Mean time per level.
                   A        B        C        D        E       F      G
               +--------+--------+--------+--------+--------+-----+--------+
         Total |   1978 |   1908 |     70 |      0 |   1694 |   3 |  659.3 |
       Dungeon |   1978 |   1908 |     70 |      0 |   1694 |   3 |  659.3 |
               +--------+--------+--------+--------+--------+-----+--------+

Top non-repeatable levels by time:
     D:1: 1121 daAuts
     D:2: 848 daAuts
     D:3: 7 daAuts
